 Dungeon Crawl Stone Soup version 0.31.0-11-ge490571c62 (webtiles) character file.

Game seed: 6659721718421359749

16 qw the Shooter (level 2, 0/16 HPs)
             Began as a Deep Elf Hunter on Feb 3, 2024.
             Succumbed to their own poison gas
             ... on level 1 of the Dungeon.
             The game lasted 00:00:11 (834 turns).

qw the Shooter (Deep Elf Hunter)                     Turns: 834, Time: 00:00:12

Health: 0/16       AC:  7    Str:  8    XL:     2   Next: 37%
Magic:  4/4        EV:  8    Int: 13    God:
Gold:   40         SH:  0    Dex: 18    Spells: 1/1 levels left

rFire   . . .        a - +0 shortbow (drain)
rCold   . . .        (shield currently unavailable)
rNeg    . . .        h - +0 scale mail
rPois   .            (no helmet)
rElec   .            (no cloak)
rCorr   .            i - +0 pair of gloves
SInv    .            (no boots)
Will    .....        (no amulet)
Stlth   +            (no ring)
HPRegen 0.22/turn    (no ring)
MPRegen 0.09/turn

%: no passive effects
@: lethally poisoned (0 -> -12)
A: no striking features
a: no special abilities


You were on level 1 of the Dungeon.
You visited 1 branch of the dungeon, and saw 1 of its levels.

You collected 40 gold pieces.


   Skills:
 - Level 1.5 Fighting
 + Level 6.2 Ranged Weapons
 - Level 2.4 Dodging
 - Level 1.2 Stealth


You had one spell level left.
You didn't know any spells.
Your spell library was empty.

Inventory:

Hand Weapons
 a - a +0 shortbow of draining (weapon)
Armour
 h - a +0 scale mail (worn)
 i - a +0 pair of gloves (worn)
Jewellery
 n - a ring of fire
Potions
 g - a potion of enlightenment {unknown}
 j - a potion of curing {unknown}

Dungeon Overview and Level Annotations

Branches:
Dungeon (1/15)

Altars:


Message History

As you read the scroll labelled ERCHIT KEAGU, it crumbles to dust.
It is a scroll of identify.
827 ||| IDENTIFYING cyan potion;
f - a potion of brilliance Done exploring.
828 ||| READING scroll labelled DOG MUBEAKKORPH.
As you read the scroll labelled DOG MUBEAKKORPH, it crumbles to dust.
It is a scroll of brand weapon.
828 ||| BRANDING +0 shortbow.
Your +0 shortbow craves living souls!
a - a +0 shortbow of draining (weapon)
Done exploring.
829 ||| READING scroll labelled XUREIL TULIH.
As you read the scroll labelled XUREIL TULIH, it crumbles to dust.
You feel aware of your surroundings.
It was a scroll of revelation.
Done exploring.
830 ||| DROPPING scroll of butterflies.
You drop a scroll of butterflies.
Done exploring.
831 ||| DROPPING potion of brilliance.
You drop a potion of brilliance.
Done exploring.
What level of the Dungeon? (default 1, ? - help) Sorry, I don't know how to get there.
Enter note:
Enter note:
Enter note:
Enter note:
Enter note:
Enter note:
Enter note:
Enter note:
Enter note:
Enter note:
Enter note:
Enter note: You are engulfed in poison gas.
You are lethally poisoned!
You feel very sick.
833 ||| Stepping ~*~*~tactically~*~*~ (cloud).
You feel very sick.
Items here: ! = ? [.
There is a lethal amount of poison in your body!
You die...

....#.............###...#####....
....#.....¤0¤¤¤0¤.0¤¤¤0¤......#..
#####8..7.08¤0800..0¤¤00####..#..
##.....¤¤00¤¤¤.¤¤¤¤¤¤..##..#..
#......0¤¤¤¤¤¤.¤00¤........#..
#.\..7.¤¤¤0¤¤¤7¤0¤..........#.
#......¤¤¤¤0¤¤¤¤####......###.
#......¤¤¤¤¤0¤00######....+...
#.8..8.¤0¤¤¤0@80######....#...
#.##...0¤####000#######.....##
#.##.....############ ##.>....
###.##.....####################.
#...##.....#############.# #.
#...##...................# #.
#[..##.....#############.######.
#...####################.#......
###.# #.#......


There were no monsters in sight!

Vanquished Creatures
  2 giant cockroaches (D:1)
  A goblin (D:1)
  2 hobgoblins (D:1)
  2 quokkas (D:1)
  2 ball pythons (D:1)
  A bat (D:1)
  A frilled lizard (D:1)
  2 kobolds (D:1)
  A rat (D:1)
14 creatures vanquished.

Notes
Turn   | Place    | Note
-------+----------+-------------------------------------------
     0 | D:1      | qw the Deep Elf Hunter began the quest for the Orb.
     0 | D:1      | Reached XP level 1. HP: 12/12 MP: 3/3
     0 | D:1      | 0 ||| qw: Version: 0.3-a-155-g5e7d8dd
     0 | D:1      | 0 ||| qw: Game counter: 3423
     0 | D:1      | 0 ||| qw: Melee chars always use a shield: true
     0 | D:1      | 0 ||| qw: God list: Okawaru
     0 | D:1      | 0 ||| qw: Allow faded altars: false
     0 | D:1      | 0 ||| qw: Do Orc after clearing Dungeon:15 true
     0 | D:1      | 0 ||| qw: Do second Lair branch before Depths: true
     0 | D:1      | 0 ||| qw: Lair rune preference: random
     0 | D:1      | 0 ||| qw: Goals: Normal
     0 | D:1      | 0 ||| PLANNING D:1-11
   262 | D:1      | Found a faded altar of an unknown god.
   274 | D:1      | Reached XP level 2. HP: 16/16 MP: 4/4
   275 | D:1      | Reached skill level 6 in Ranged Weapons
   809 | D:1      | 809 ||| UPGRADING to +0 scale mail.
   819 | D:1      | 819 ||| DROPPING +0 leather armour.
   820 | D:1      | 820 ||| UPGRADING to +0 pair of gloves.
   825 | D:1      | 825 ||| DROPPING +6 ring of intelligence.
   826 | D:1      | 826 ||| READING scroll labelled GAUTEDAEWEMP.
   827 | D:1      | 827 ||| READING scroll labelled ERCHIT KEAGU.
   827 | D:1      | 827 ||| IDENTIFYING cyan potion
   828 | D:1      | 828 ||| READING scroll labelled DOG MUBEAKKORPH.
   828 | D:1      | 828 ||| BRANDING +0 shortbow.
   829 | D:1      | 829 ||| READING scroll labelled XUREIL TULIH.
   830 | D:1      | 830 ||| DROPPING scroll of butterflies.
   831 | D:1      | 831 ||| DROPPING potion of brilliance.
   833 | D:1      | 833 ||| Stepping ~*~*~tactically~*~*~ (cloud).
   833 | D:1      | HP: 2/16 [poisoned by you (poison gas)]
   834 | D:1      | Succumbed to their own poison gas

Levels and vault maps discovered:
D:1:      noname_arrival_rooms_in_the_neighbourhood, layout_basic,
          hellmonk_ecumenical_altar_arch_garden

Skill      XL: |  1  2 |
---------------+-------+-----
Ranged Weapons | 6 |  6.2
Fighting       | |  1.5
Dodging        | |  2.4
Stealth        | |  1.2

Action                     || total
---------------------------++-------
   Fire: Shortbow          ||    35
    Use: Scroll            ||     4
 Armour: Leather armour    ||     9
  Dodge: Dodged            ||     4

Table legend:
 A = Non-vault XP
 B = Vault XP
 C = Vault XP percentage of total XP
 D = Non-vault monster count
 E = Vault monster count
 F = Vault count percentage of total count
                 A         B        C        D         E       F
            +---------+---------+-------+---------+---------+-------
      Total |      23 |       0 |   0.0 |      14 |       0 |   0.0
            +---------+---------+-------+---------+---------+-------
        D:1 |      23 |       0 |   0.0 |      14 |       0 |   0.0
            +---------+---------+-------+---------+---------+-------
